 Dungeon Crawl Stone Soup version 0.27.1-34-g3ba077fa99 (webtiles) character file.

Game seed: 7693720439270322813

3650 fishdoom the Severer (level 10, -11/78 HPs)
             Began as a Hill Orc Fighter on Jan 21, 2022.
             Was a Follower of Beogh.
             Mangled by a very large slime creature (55 damage)
             ... on level 8 of the Dungeon.
             The game lasted 00:39:17 (9156 turns).

fishdoom the Severer (Hill Orc Fighter)             Turns: 9156, Time: 00:39:17

Health: -11/78     AC: 16    Str: 23    XL:     10   Next: 12%
Magic:  10/10      EV:  6    Int:  8    God:    Beogh [*.....]
Gold:   266        SH: 11    Dex: 10    Spells: 9/9 levels left

rFire    . . .     SeeInvis .   a - +0 war axe
rCold    . . .     Faith    .   c - +0 kite shield
rNeg     + . .     Spirit   .   i - +0 shadow dragon scales
rPois    .         Reflect  .   f - +0 helmet
rElec    .         Harm     .   (no cloak)
rCorr    .         Rampage  .   F - +2 pair of gloves
Will     .....                  (no boots)
Stlth    ++........             (no amulet)
HPRegen  0.23/turn              C - ring of positive energy
MPRegen  0.12/turn              (no ring)

@: lethally poisoned (-11 -> -28)
A: no striking features
a: Renounce Religion


You were on level 8 of the Dungeon.
You worshipped Beogh.
Beogh was aware of your devotion.
You visited 2 branches of the dungeon, and saw 9 of its levels.

You collected 406 gold pieces.
You spent 140 gold pieces at shops.

Inventory:

Hand Weapons
 a - a +0 war axe (weapon)
 r - a +0 dagger of freezing
 A - a +1 vorpal flail
 H - a +2 vorpal hand axe
 K - a +2 dagger of venom
Missiles
 q - 11 atropa-tipped darts
 E - 28 poisoned darts (quivered)
 I - a throwing net
Armour
 b - a +0 scale mail
 c - a +0 kite shield (worn)
 f - a +0 helmet (worn)
 i - +0 shadow dragon scales (worn)
 t - a +0 pair of gloves
 F - a +2 pair of gloves (worn)
 G - a +0 plate armour
Jewellery
 e - a ring of flight
 C - a ring of positive energy (left hand)
Wands
 k - a wand of acid (8)
Scrolls
 h - a scroll of holy word {unknown}
 j - 4 scrolls of amnesia
 m - a scroll of noise {unknown}
 p - 3 scrolls of fear {unknown}
 s - a scroll of fog {unknown}
 u - 2 scrolls of magic mapping {unknown}
 w - 3 scrolls of enchant armour {unknown}
 y - a scroll of enchant weapon {unknown}
 D - 2 scrolls of teleportation {unknown}
 J - a scroll of vulnerability {unknown}
Potions
 d - 2 potions of might
 g - a potion of mutation {unknown}
 l - 4 potions of curing
 n - a potion of flight
 o - a potion of ambrosia {unknown}
 v - a potion of heal wounds
 x - a potion of resistance {unknown}
 z - 2 potions of attraction {unknown}
 B - a potion of lignification {unknown}


   Skills:
 - Level 3.7 Fighting
 * Level 15.7 Axes
 - Level 3.8 Armour
 + Level 7.2 Shields


You had 9 spell levels left.
You didn't know any spells.
Your spell library contained the following spells:

 Spells                   Type           Power      Damage    Failure   Level
 Apportation              Tloc           0%         N/A       100%        1
 Corpse Rot               Necr/Air       N/A        N/A       100%        2
 Poisonous Vapours        Pois/Air       0%         N/A       100%        2
 Tukima's Dance           Hex            0%         N/A       100%        3
 Passage of Golubria      Tloc           N/A        N/A       100%        4
 Alistair's Intoxication  Tmut/Pois      0%         N/A       100%        5
 Freezing Cloud           Conj/Ice/Air   0%         6-21      100%        5
 Yara's Violent Unravell  Hex/Tmut       0%         3d3       100%        5
 Invisibility             Hex            0%         N/A       100%        6


Dungeon Overview and Level Annotations

Branches:
Dungeon (8/15)             Temple (1/1) D:7
   Lair: D:8-11

Altars:
Ashenzari
Cheibriados
Dithmenos
Elyvilon
Fedhas
Gozag
Hepliaklqana
Makhleb
Nemelex Xobeh
Okawaru
Qazlal
Sif Muna
Trog
Uskayaw
Vehumet
Wu Jian
Xom
Yredelemnul
Zin
The Shining One

Shops:
D:3 [:((!


Message History

You kill the orc!
Beogh accepts your kill.
You feel very sick.
You feel sick.
The orc priest begins to cast a cantrip, but forgets the words!
Things that are here:
a +0 trident; 3 boomerangs You closely miss the orc priest.
You feel sick.
The orc priest hits you with a +0 flail.
An orc wizard comes into view. It is wielding a +0 dagger.
Two slime creatures merge to form a large slime creature.
You slash the orc priest!
The orc priest is heavily wounded.
You hit something.
You feel sick.
The orc priest invokes the aid of Beogh against you.
Pain shoots through your body! Something hits you but does no damage.
You are more poisoned.
Two slime creatures merge to form a very large slime creature.
The slime creature quivers.
You slash the orc priest!
You kill the orc priest!
Beogh accepts your kill.
Beogh appreciates your killing of a heretic priest.
You hit something.
You feel sick. You block something's attack.
You hit something.
You feel very sick. Something hits you.
You are more poisoned.
You barely miss something.
You completely miss the very large slime creature.
You feel very sick.
You block the very large slime creature's attack.
Something hits you but does no damage.
You are more poisoned.
You miss something.
You slash the very large slime creature!
You feel very sick.
The very large slime creature hits you!!!
Ouch! That really hurt!
You die...

#..# #..# #..# .J###
###### ..... #..... #.#.#
#.#### #J#.# #.# #@#.#
#.# . #{#.#########.####
>..#####o#...............
.......†....######.######
...................# #
...#.#####.######### # ..
#.# .( ..# # ##.#


You could see a very large slime creature, a slime creature and an orc wizard.

Vanquished Creatures
  The ghost of ticklebelly the Cleaver, a novice MiBe of Trog (D:6)
  A gargoyle (D:5)
  Sigmund (D:3)
  3 water moccasins
  Duvessa (D:5)
  An ice beast (D:5)
  A black bear (D:5)
  3 ogres
  2 kobold brigands (D:6)
  2 bullfrogs
  3 gnoll sergeants
  Dowan (D:5)
  A wyvern skeleton (D:6)
  A water moccasin skeleton (D:7)
  4 killer bees (D:8)
  5 howler monkeys
  A bullfrog zombie (D:7)
  A centaur skeleton (D:7)
  A hound (D:6)
  A jelly (D:6)
  An orc priest (D:8)
  A gnoll shaman (D:7)
  A bullfrog skeleton (D:5)
  5 iguanas
  6 orc wizards
  15 gnolls
  A river rat (D:6)
  13 adders
  2 shadow imps (D:6)
  A white imp (D:8)
  An ufetubus (D:7)
  An adder skeleton (D:4)
  3 worms
  2 dart slugs
  18 orcs
  15 ball pythons
  2 bats
  7 endoplasms
  A giant cockroach (D:1)
  5 goblins
  9 hobgoblins
  7 jackals (D:2)
  9 kobolds
  5 quokkas
  4 frilled lizards
  7 rats
177 creatures vanquished.

Vanquished Creatures (others)
  2 orc priests (D:7)
  A gnoll (D:7)
  4 orcs (D:7)
7 creatures vanquished.

Grand Total: 184 creatures vanquished

Notes
Turn   | Place    | Note
-------+----------+-------------------------------------------
     0 | D:1      | fishdoom the Hill Orc Fighter began the quest for the Orb.
     0 | D:1      | Reached XP level 1. HP: 19/19 MP: 1/1
   307 | D:1      | Reached XP level 2. HP: 27/27 MP: 2/2
   387 | D:1      | Found a faded altar of an unknown god.
   400 | D:1      | Reached skill level 3 in Axes
   649 | D:1      | You fall into a shaft and drop 1 floor!
   681 | D:2      | Reached XP level 3. HP: 28/33 MP: 3/3
   949 | D:2      | Reached skill level 4 in Axes
  1519 | D:1      | Reached XP level 4. HP: 40/40 MP: 4/4
  1737 | D:3      | Found Ony Requ's Armour Shop.
  1937 | D:3      | Reached skill level 5 in Axes
  2129 | D:3      | Reached XP level 5. HP: 38/46 MP: 5/5
  2209 | D:3      | Found Hubishoi's Book Shop.
  2210 | D:3      | Found Naerolo's Weapon Shoppe.
  2220 | D:3      | Found a snail-covered altar of Cheibriados.
  2422 | D:3      | Found Wiumuger's Distillery.
  2434 | D:3      | Bought a potion of berserk rage for 70 gold pieces
  2434 | D:3      | Bought a potion of heal wounds for 70 gold pieces
  2464 | D:3      | Noticed Sigmund
  2470 | D:3      | Found Nilliom Vogh's Weapon Shop.
  2497 | D:3      | Killed Sigmund
  2498 | D:3      | Reached skill level 7 in Axes
  2498 | D:3      | Reached XP level 6. HP: 52/52 MP: 6/6
  3026 | D:4      | Reached skill level 8 in Axes
  3374 | D:4      | Reached XP level 7. HP: 48/58 MP: 7/7
  3865 | D:5      | Entered Level 5 of the Dungeon
  3935 | D:5      | Reached skill level 9 in Axes
  4649 | D:5      | Reached skill level 10 in Axes
  4947 | D:5      | Noticed Duvessa
  4947 | D:5      | Noticed Dowan
  4953 | D:5      | Killed Duvessa
  4954 | D:5      | Reached XP level 8. HP: 56/66 MP: 8/8
  4956 | D:5      | Killed Dowan
  4957 | D:5      | Reached skill level 11 in Axes
  4957 | D:5      | Reached skill level 5 in Shields
  5109 | D:5      | Noticed a gargoyle
  5123 | D:5      | Killed a gargoyle
  5250 | D:5      | Reached skill level 12 in Axes
  5642 | D:6      | Found a runed translucent door.
  5648 | D:6      | Noticed ticklebelly's ghost (novice MiBe)
  5845 | D:6      | Found a runed translucent door.
  6013 | D:6      | Found an ornate altar of the Wu Jian Council.
  6039 | D:6      | Reached XP level 9. HP: 60/71 MP: 9/9
  6146 | D:6      | Reached skill level 13 in Axes
  6851 | D:6      | Killed ticklebelly's ghost
  6852 | D:6      | Reached skill level 14 in Axes
  7263 | D:7      | Became a worshipper of Beogh the Brigand
  7359 | D:7      | Reached skill level 15 in Axes
  7403 | D:7      | Found a staircase to the Ecumenical Temple.
  7410 | Temple   | Entered the Ecumenical Temple
  8571 | D:8      | Reached XP level 10. HP: 62/78 MP: 10/10
  8790 | D:8      | Reached * piety under Beogh
  9156 | D:8      | Mangled by a very large slime creature

Illustrated notes

Levels and vault maps discovered:
D:1:      dpeg_arrival_radiant, layout_basic,
          hellmonk_ecumenical_altar_lost_god, glass_columns_b, st_stairs_8,
          minmay_fountain_box
D:2:      layout_loops_ring, basic_altar, minmay_goblin_outpost
D:3:      layout_rooms, kennysheep_slug_shrine, serial_shops, shop_fountains,
          nicolae_diamond_shop, shop_coins, nicolae_shop_crystal, shop,
          minmay_snake_closets, uniq_sigmund
D:4:      layout_basic
D:5:      layout_basic, uniq_duvessa
D:6:      cheibrodos_thug_alley, layout_cave_pools,
          nicolae_overflow_crystal_walls, ebering_ghost_sewer_f
D:7:      layout_gridville, minmay_temple_entry_enclosed_plants
D:8:      layout_loops_ring, minitemple, hangedman_incinerator
Temple:   regret_index_temple_mists

Skill      XL: |  1  2  3  4  5  6  7  8  9 10 |
---------------+-------------------------------+-----
Axes           | 3 4 5 7 8 10 12 15 | 15.7
Shields        | 4 5 6 7 |  7.2
Fighting       | |  3.7
Armour         | |  3.8

Action                   |  1- 3 |  4- 6 |  7- 9 | 10-12 || total
-------------------------+-------+-------+-------+-------++-------
Melee: War axe           |   101 |   158 |   343 |    78 ||   680
Throw: Dart              |       |       |     3 |       ||     3
Invok: Convert to Beogh  |       |       |     1 |       ||     1
  Use: Scroll            |       |     4 |       |       ||     4
       Potion            |       |     1 |     3 |       ||     4
 Stab: Sleeping          |       |    11 |     6 |     1 ||    18
Armor: Scale mail        |    44 |       |       |       ||    44
       Shadow dragon sca |     5 |    90 |   161 |    46 ||   302
Dodge: Dodged            |    27 |    33 |    70 |    14 ||   144
Block: Kite shield       |    58 |    55 |   155 |    36 ||   304
